 Dungeon Crawl Stone Soup version 0.25-a0-424-g80bd347ae0 (webtiles) character file.

Game seed: 5285263135714031190, levelgen mode: deterministic

9709 Gargoyl the Agent of Entropy (level 11, -1/91 HPs)
             Began as a Centaur Abyssal Knight on Jan 22, 2020.
             Was a Priest of Lugonu.
             Slain by a bullfrog (5 damage)
             ... on level 1 of the Lair of Beasts.
             The game lasted 00:22:36 (17645 turns).

Gargoyl the Agent of Entropy (CeAK)                Turns: 17645, Time: 00:22:37

Health: -1/91      AC: 12    Str: 16    XL:     11   Next: 26%
Magic:  17/17      EV: 11    Int: 11    God:    Lugonu [***...]
Gold:   605        SH:  0    Dex: 11    Spells: 10/10 levels left

rFire    . . .     SeeInvis .   a - +3 hand axe
rCold    . . .     Gourm    .   (no shield)
rNeg     + . .     Faith    .   m - +4 ring mail {rPois}
rPois    +         Spirit   .   v - +0 helmet
rElec    .         Reflect  .   f - scarf {repulsion}
rCorr    .         Harm     .   (no gloves)
MR       .....                  (no barding)
Stlth    ..........             (no amulet)
HPRegen  0.25/turn              d - ring of positive energy
MPRegen  0.15/turn              x - ring of poison resistance

@: repel missiles, very quick
A: large, hooves 3, deformed body, speed 2, tough skin 3
a: Depart the Abyss, Bend Space, Banish, Renounce Religion


You were on level 1 of the Lair of Beasts.
You worshipped Lugonu.
Lugonu was most pleased with you.
You were hungry.

You visited 2 branches of the dungeon, and saw 11 of its levels.
You visited the Abyss 1 time.

You collected 638 gold pieces.
You spent 33 gold pieces at shops.

Inventory:

Hand Weapons
 a - a +3 hand axe (weapon)
Missiles
 h - 10 boomerangs (quivered)
Armour
 f - a scarf of repulsion (worn)
 j - a scarf of cloud immunity
 m - a +4 ring mail of poison resistance (worn)
 v - a +0 helmet (worn)
Jewellery
 d - a ring of positive energy (left hand)
 p - an uncursed ring of resist corrosion
 w - an uncursed ring of see invisible {unknown}
 x - a ring of poison resistance (right hand)
Wands
 n - a wand of flame (16)
 t - a wand of polymorph (2)
Scrolls
 b - 9 scrolls of teleportation
 e - 7 scrolls of remove curse
 i - 4 scrolls of fog
 k - 6 scrolls of identify
Potions
 g - a potion of haste {unknown}
 l - a potion of lignification
 o - 2 potions of curing
 q - 3 potions of magic {unknown}
 r - a potion of mutation {unknown}
 s - 4 potions of might {unknown}
 u - a potion of agility
Comestibles
 c - 22 rations


   Skills:
 + Level 6.6 Fighting
 + Level 8.2 Axes
 + Level 3.3 Throwing
 * Level 7.1 Armour
 * Level 5.5 Dodging
 * Level 8.7 Invocations


You had 10 spell levels left.
You didn't know any spells.
Your spell library was empty.

Dungeon Overview and Level Annotations

Branches:
Dungeon (9/15)             Temple (0/1) D:4            Lair (2/6) D:8
  Swamp: Lair:2-4    Shoals: Lair:2-4     Snake: Lair:2-4    Spider: Lair:2-4
    Orc: D:9-12

Altars:
Fedhas
Hepliaklqana
Nemelex Xobeh
Okawaru
Trog

Shops:
D:6 !

Annotations:
Abyss:1 Erolcha, Maurice


Innate Abilities, Weirdness & Mutations

You have hooves in place of feet.
Armour fits poorly on your strangely shaped body.
You cover ground very quickly.
You have extremely tough skin. (AC +3)


Message History

Unknown command.
You hit the yak.
The yak is heavily wounded.
You hit the yak but do no damage.
The yak snorts and paws the ground.
The yak gores you.
* * * LOW HITPOINT WARNING * * *
The yak gores you.
* * * LOW HITPOINT WARNING * * *
The yak gores you.
* * * LOW HITPOINT WARNING * * *
A bullfrog comes into view.
The bullfrog gives a loud, deep croak!
There is a stone staircase leading up here.
The bullfrog closely misses you. The yak gores you!
* * * LOW HITPOINT WARNING * * *
You climb upwards.
There is a stone staircase leading down here.
The bullfrog hits you.
You die...

# #................######## #
#.......................## #
#.##...........+#+####...# ##
####....#.+#..##.....###..+#####P
#.......#.....##............#....
.....#.........#.....#......#.P##
.#......#.....##..8.........#####
.#......#...8...........8..##.###
##.......#.....#@....#.....#....#
#...............F8.......##.....
##.......(##....Y........##..>...
#..........##..8..>..8...#.......
.##.........#..........##........
...........####...8...#..........
....∩.........##.....####........
#...............#..### #........
##.##..........##...## ##.......


You could see a yak and a bullfrog.

Vanquished Creatures
  Erica (D:9)
  Pikel (D:7)
  2 komodo dragons (Lair:1)
  A hippogriff (Lair:1)
  Sigmund (D:2)
  A spriggan (D:7)
  8 yaks
  Edmund (D:4)
  Menkaure (D:4)
  An acid dragon (D:9)
  3 porcupines (Lair:1)
  2 black bears
  4 sky beasts
  2 slaves (D:7)
  3 ice beasts
  5 phantoms
  3 ogres
  A necrophage (D:6)
  2 centaurs
  4 crocodiles
  3 bullfrogs
  5 scorpions
  A killer bee (D:9)
  4 jellies
  2 howler monkeys (D:8)
  4 crimson imps
  A quasit (D:7)
  A bullfrog zombie (D:8)
  2 bullfrog skeletons (D:8)
  2 centaur skeletons
  Crazy Yiuf (D:7)
  5 orc priests
  2 hounds
  Jessica (D:2)
  Ijyb (D:4)
  Natasha (twice) (D:2)
  2 iguanas
  6 orc wizards
  6 worker ants
  A killer bee zombie (D:7)
  A hound zombie (D:7)
  A worker ant zombie (D:9)
  2 howler monkey zombies
  15 adders
  2 shadow imps
  An ooze (D:7)
  2 adder zombies
  2 adder skeletons (D:5)
  2 worms
  3 dart slugs
  7 leopard geckos
  24 orcs
  5 giant cockroaches
  12 goblins
  5 hobgoblins
  3 jackals (D:3)
  4 quokkas
  A ball python (D:7)
  8 bats
  7 frilled lizards
  A jackal zombie (D:5)
  10 kobolds
  2 quokka zombies
  3 rats
222 creatures vanquished.

Vanquished Creatures (collateral kills)
  A crocodile (Lair:1)
1 creature vanquished.

Vanquished Creatures (others)
  An ugly thing (D:9)
  2 hippogriffs
  A basilisk (Lair:1)
  A sky beast (D:8)
  4 orc warriors
  2 plants
11 creatures vanquished.

Grand Total: 234 creatures vanquished

Notes
Turn   | Place    | Note
-------+----------+-------------------------------------------
     0 | Abyss:1  | Gargoyl the Centaur Abyssal Knight began the quest for the
                  | Orb.
     0 | Abyss:1  | Reached XP level 1. HP: 19/19 MP: 2/2
    14 | Abyss:2  | Found a corrupted altar of Lugonu.
    25 | Abyss:2  | Noticed a hell hog
    48 | Abyss:2  | Noticed an insubstantial wisp
    55 | Abyss:2  | Found a corrupted altar of Lugonu.
    63 | Abyss:2  | Found a corrupted altar of Lugonu.
    82 | Abyss:3  | Noticed an orange demon
    84 | D:1      | Escaped the Abyss
   148 | D:1      | Reached * piety under Lugonu
   475 | D:1      | Reached XP level 2. HP: 16/26 MP: 3/3
  1224 | D:2      | Noticed Sigmund
  1496 | D:2      | Reached skill level 1 in Dodging
  1496 | D:2      | Reached XP level 3. HP: 29/31 MP: 4/4
  1622 | D:2      | Noticed Natasha
  1639 | D:2      | Killed Natasha
  1783 | D:2      | Reached XP level 4. HP: 32/38 MP: 5/5
  1787 | D:2      | Noticed Jessica
  1790 | D:2      | Killed Jessica
  1797 | D:2      | Reached ** piety under Lugonu
  2204 | D:2      | Noticed Natasha
  2209 | D:2      | Killed Natasha
  2461 | D:2      | Reached XP level 5. HP: 39/45 MP: 7/7
  3465 | D:3      | Found a bloodstained altar of Trog.
  3465 | D:3      | Found a hazy altar of Hepliaklqana.
  3641 | D:4      | Noticed Edmund
  3645 | D:4      | Identified the +1 dagger of Lies {freeze, rPois rF- Str+3
                  | Dex+2}
  3673 | D:4      | Killed Edmund
  3673 | D:4      | Reached XP level 6. HP: 21/52 MP: 8/8
  4253 | D:2      | Killed Sigmund
  4253 | D:2      | Reached XP level 7. HP: 41/59 MP: 9/9
  4376 | D:4      | Noticed Ijyb
  4784 | D:4      | Killed Ijyb
  4881 | D:4      | Found a staircase to the Ecumenical Temple.
  4900 | D:4      | Found a sparkling altar of Nemelex Xobeh.
  4984 | D:4      | Noticed Menkaure
  4993 | D:4      | Killed Menkaure
  4993 | D:4      | Reached *** piety under Lugonu
  5299 | D:5      | Entered Level 5 of the Dungeon
  5589 | D:5      | Found an iron altar of Okawaru.
  5864 | D:5      | Reached XP level 8. HP: 66/66 MP: 11/11
  5978 | D:5      | Reached skill level 5 in Axes
  5978 | D:5      | Reached skill level 1 in Throwing
  6843 | D:6      | Reached skill level 5 in Invocations
  7992 | D:6      | Found Wofyif's Distillery.
  8009 | D:6      | Reached XP level 9. HP: 26/73 MP: 12/12
  8377 | D:6      | Bought a potion of lignification for 33 gold pieces
  8736 | D:7      | Reached skill level 5 in Armour
  8953 | D:8      | Reached **** piety under Lugonu
  8978 | D:8      | Reached skill level 5 in Fighting
  9470 | D:7      | Got a faintly glowing dagger
  9471 | D:7      | Identified the cursed +1 dagger of Wocam {venom, *Corrode
                  | +Rage rC++ Stlth-} (You found it on level 7 of the Dungeon)
 10255 | D:7      | Noticed Pikel
 10293 | D:7      | Killed Pikel
 10499 | D:7      | Found a runed translucent door.
 10500 | D:7      | Noticed Crazy Yiuf
 10990 | D:7      | Killed Crazy Yiuf
 11414 | D:8      | Reached XP level 10. HP: 40/79 MP: 15/15
 12173 | D:8      | Found a staircase to the Lair.
 12215 | D:8      | Found a blossoming altar of Fedhas.
 12663 | D:9      | Noticed Maurice
 12666 | D:9      | Banished Maurice
 12805 | D:9      | Noticed a cyan ugly thing
 12816 | D:9      | Banished a cyan ugly thing
 13213 | D:9      | Noticed Erolcha
 13490 | D:8      | Banished Erolcha
 14004 | D:9      | HP: 1/83 [yak (14)]
 14336 | D:9      | Reached skill level 5 in Dodging
 14969 | D:9      | Noticed Erica
 14994 | D:9      | Killed Erica
 14994 | D:9      | Reached XP level 11. HP: 70/90 MP: 17/17
 15413 | Lair:1   | Entered Level 1 of the Lair of Beasts
 15507 | Lair:1   | Noticed a six-headed hydra
 15522 | Lair:1   | Banished a six-headed hydra
 17641 | Lair:2   | HP: 3/91 [yak (11)]
 17645 | Lair:1   | Slain by a bullfrog

Levels and vault maps discovered:
D:1:      ncdulo_wetmaze, layout_loops_corners, dk_noncrumbling_2
D:2:      layout_loops_corners, uniq_jessica, uniq_natasha, uniq_sigmund
D:3:      layout_loops_cross, gammafunk_temple_overflow_elements, first_ration,
          chequers_serial_rivers_small_b, kennysheep_path_1
D:4:      layout_rooms, minmay_temple_entry_waves,
          hangedman_abyss_or_decor_passed, corexii_shack, interstate_on_off,
          nemelex_altar_shiori, uniq_edmund, uniq_ijyb, uniq_menkaure
D:5:      layout_rooms, lemuel_crystal_altar, kennysheep_generic_room_6
D:6:      layout_basic, serial_shops, shop, serial_corexii_hall,
          corexii_hall_statues_i, corexii_hall_statues_s,
          corexii_hall_statues_i, corexii_hall_statues_i
D:7:      layout_cave_pools, the_bakery, uniq_crazy_yiuf_cottage, uniq_pikel
D:8:      layout_basic, lemuel_doored_altar, lair_entry_dummy, grunt_decor_cap
D:9:      hangedman_cross_stitches, layout_rooms, grunt_ministairs_4,
          uniq_erolcha, uniq_erica, uniq_maurice
Lair:1:   layout_cave_pods, gauntlet_entry_generic, beast_lair_carwin_10,
          grunt_megastairs_3
Lair:2:   layout_loops_ring, uniq_harold

Skill      XL: |  1  2  3  4  5  6  7  8  9 10 11 |
---------------+----------------------------------+-----
Axes           | 2 3 4 6 7 8 |  8.2
Dodging        | 1 2 3 4 5 |  5.5
Armour         | 2 3 4 6 7 |  7.1
Invocations    | 3 4 5 6 8 |  8.7
Fighting       | 4 5 6 |  6.6
Throwing       | 1 2 3 |  3.3

Action                   |  1- 3 |  4- 6 |  7- 9 | 10-12 || total
-------------------------+-------+-------+-------+-------++-------
Melee: Hand axe          |   116 |   184 |   491 |   357 ||  1148
       Kick              |    17 |    27 |   103 |   123 ||   270
       Unarmed           |       |       |    19 |       ||    19
       Dagger            |       |       |     3 |       ||     3
Throw: Boomerang         |       |       |    39 |    43 ||    82
Invok: Depart the Abyss  |     1 |       |       |       ||     1
       Banish            |       |       |     3 |    11 ||    14
       Bend Space        |       |       |       |     1 ||     1
Evoke: Wand              |       |       |       |     3 ||     3
  Use: Scroll            |     1 |     6 |     1 |     8 ||    16
       Potion            |     5 |     4 |     3 |     2 ||    14
 Stab: Confused          |       |       |     2 |       ||     2
  Eat: Chunk             |     2 |     6 |    19 |    10 ||    37
       Ration            |       |       |     1 |     3 ||     4
Armor: Leather armour    |    10 |       |       |       ||    10
       Chain mail        |    70 |   103 |   213 |       ||   386
       Skin              |    23 |    24 |    34 |       ||    81
       Ring mail         |       |       |    93 |   148 ||   241
Dodge: Dodged            |    29 |    38 |   173 |   156 ||   396
       Deflected         |       |     1 |     2 |     7 ||    10

Table legend:
 A = Non-vault XP
 B = Vault XP
 C = Vault XP percentage of total XP
 D = Non-vault monster count
 E = Vault monster count
 F = Vault count percentage of total count
                 A         B        C        D         E       F
            +---------+---------+-------+---------+---------+-------
      Total |    8595 |    5275 |  38.0 |     199 |      34 |  14.6
            +---------+---------+-------+---------+---------+-------
        D:1 |      36 |       0 |   0.0 |      20 |       0 |   0.0
        D:2 |     126 |     314 |  71.4 |      26 |       3 |  10.3
        D:3 |     104 |       0 |   0.0 |      22 |       0 |   0.0
        D:4 |     317 |     380 |  54.5 |       6 |       4 |  40.0
        D:5 |     608 |      19 |   3.0 |      15 |       2 |  11.8
        D:6 |    1231 |       0 |   0.0 |      30 |       0 |   0.0
        D:7 |     857 |     899 |  51.2 |      17 |       3 |  15.0
        D:8 |    1767 |     602 |  25.4 |      32 |       1 |   3.0
        D:9 |    1807 |    2120 |  54.0 |      23 |      15 |  39.5
     Lair:1 |    1540 |     941 |  37.9 |       7 |       6 |  46.2
     Lair:2 |     202 |       0 |   0.0 |       1 |       0 |   0.0
            +---------+---------+-------+---------+---------+-------
